 Dungeon Crawl Stone Soup version 0.29.1-12-g30fa7ad0bf (webtiles) character file.

Game seed: 3948559639661263946

1800 xzight the Grappler (level 8, -4/76 (79) HPs)
             Began as a Troll Fighter on Dec 27, 2022.
             Slain by Joseph
             ... wielding a +2 quarterstaff of draining
              (6 damage)
             ... on level 7 of the Dungeon.
             The game lasted 00:08:27 (4453 turns).

xzight the Grappler (Troll Fighter)                 Turns: 4453, Time: 00:08:28

HP:   -4/76 (79)    AC:  4    Str: 27    XL:     8   Next: 83%
MP:   7/7           EV:  9    Int:  4    God:
Gold: 157           SH: 12    Dex:  9    Spells: 7/7 levels left

rFire   + . .      SeeInvis .     - Unarmed
rCold   . . .      Faith    .   b - +0 kite shield
rNeg    . . .      Spirit   .   a - +0 robe
rPois   .          Reflect  +   (helmet restricted)
rElec   .          Harm     .   (no cloak)
rCorr   .          Rampage  .   (gloves unavailable)
Will    .....                   (boots unavailable)
Stlth   +.........              e - amulet of reflection
HPRegen 1.02/turn               F - ring of protection from fire
MPRegen 0.10/turn               L - ring of flight

@: flying, lightly drained
A: large, unfitting armour, claws 3, regeneration 1, shaggy fur 1, tough skin 1
a: no special abilities


You were on level 7 of the Dungeon.
You visited 1 branch of the dungeon, and saw 7 of its levels.

You collected 247 gold pieces.
You spent 90 gold pieces at shops.


Innate Abilities, Weirdness & Mutations

You are too large for most types of armour.
You have claws for hands.
Your natural rate of healing is unusually fast.
You are covered in fur. (AC +1)
You have tough skin. (AC +1)


   Skills:
 + Level 4.4 Fighting
 + Level 1.8 Throwing
 + Level 3.1 Dodging
 + Level 3.4 Shields
 - Level 10.0 Unarmed Combat


You had 7 spell levels left.
You didn't know any spells.
Your spell library contained the following spells:

 Spells                   Type           Power      Damage    Failure   Level
 Ensorcelled Hibernation  Hex/Ice        0%         N/A       90%         2
 Passwall                 Tmut/Erth      0%         N/A       90%         2
 Gell's Gravitas          Tloc           0%         N/A       99%         3
 Portal Projectile        Hex/Tloc       0%         N/A       99%         3
 Stone Arrow              Conj/Erth      0%         3d7       99%         3
 Swiftness                Air            0%         N/A       99%         3
 Teleport Other           Tloc           0%         N/A       99%         3
 Tukima's Dance           Hex            0%         N/A       99%         3
 Animate Armour           Summ/Erth      0%         N/A       100%        4
 Blade Hands              Tmut           0%         N/A       100%        5
 Dispersal                Tloc           0%         N/A       100%        6
 Lehudib's Crystal Spear  Conj/Erth      0%         10d2      100%        8

Inventory:

Missiles
 k - 4 silver javelins (quivered)
Armour
 a - a +0 robe (worn)
 b - a +0 kite shield (worn)
Jewellery
 e - an amulet of reflection (around neck)
 C - a ring of ice
 F - a ring of protection from fire (left claw)
 I - a +6 ring of intelligence
 L - a ring of flight (right claw)
 Z - a ring of wizardry
Wands
 s - a wand of iceblast (16)
 w - a wand of polymorph (7)
 B - a wand of charming (5)
Scrolls
 f - 3 scrolls of immolation {unknown}
 g - a scroll of magic mapping {unknown}
 h - a scroll of vulnerability {unknown}
 i - 9 scrolls of identify {unknown}
 j - 5 scrolls of butterflies {unknown}
 l - 2 scrolls of torment {unknown}
 p - 2 scrolls of blinking {unknown}
 q - a scroll of summoning {unknown}
 v - a scroll of enchant armour {unknown}
 y - a scroll of silence {unknown}
 z - a scroll of amnesia {unknown}
Potions
 c - a potion of might
 d - 2 potions of ambrosia {unknown}
 m - 2 potions of attraction {unknown}
 n - 3 potions of invisibility {unknown}
 o - 2 potions of mutation {unknown}
 r - a potion of degeneration {unknown}
 t - 2 potions of curing {@q1}
 u - 2 potions of lignification {unknown}
 x - a potion of brilliance {unknown}
 A - a potion of flight {unknown}

Dungeon Overview and Level Annotations

Branches:
Dungeon (7/15)
 Temple: D:4-7

Altars:
Dithmenos
Elyvilon
Fedhas
Sif Muna
Zin

Shops:
D:5 (

Annotations:
D:4 3 runed translucent doors, sanboga's ghost, amateur GnAK
D:7 Joseph

..... ## .....####
##.##
##...#..#####...##
.!........#.#....#
...........†..)..##
...#.#..(.<###..##
.....#.....$##.##
...$...)>.z......
......#@..####.##
...^..#@### #..#
....# ..# ...# @..h
##.# .. ... #.. <
#.. ... .#..


You could see Joseph and a wight.


Message History

You hear a bellow!
You hear an angry hiss. x2; You hear a shout! x2
You mangle the howler monkey!!
You kill the howler monkey!
Joseph shoots a sling bullet.
The sling bullet hits you!!
The centaur wields a +0 shortbow.
The centaur shoots an arrow.
You reflect the arrow off an invisible shield around you!
The arrow hits the centaur!
A wight comes into view. It is wielding a +2 battleaxe.
Joseph shoots a sling bullet.
The sling bullet completely misses you.
The centaur unwields a +0 shortbow.
You block the centaur's attack. x2
Joseph shoots a sling bullet.
The sling bullet hits you!!
* * * LOW HITPOINT WARNING * * *
There is a stone staircase leading down, spattered with blood here.
You completely miss the centaur.
The centaur is moderately wounded.
You block the centaur's attack. x2; Joseph shoots a sling bullet.
The sling bullet hits you.
* * * LOW HITPOINT WARNING * * *
You mangle the centaur!!
You kill the centaur!
Joseph shoots a sling bullet.
The sling bullet hits you!
* * * LOW HITPOINT WARNING * * *
Your Dodging skill increases to level 3!
Joseph unwields a +0 sling.
Joseph wields a +2 quarterstaff of draining.
You sense an unholy aura.
Joseph hits you with a +2 quarterstaff of draining!!
* * * LOW HITPOINT WARNING * * *
You feel drained.
You die...

Skill      XL: |  1  2  3  4  5  6  7  8 |
---------------+-------------------------+-----
Unarmed Combat | 3 4 5 6 7 8 10 | 10.0
Fighting       | 3 4 |  4.4
Throwing       | 1 |  1.8
Shields        | 3 |  3.4
Dodging        | 3 |  3.1

Action                   |  1- 3 |  4- 6 |  7- 9 || total
-------------------------+-------+-------+-------++-------
Melee: Unarmed           |    93 |   135 |   119 ||   347
  Use: Potion            |       |     1 |       ||     1
 Stab: Sleeping          |       |     3 |       ||     3
Armor: Robe              |    30 |    28 |     6 ||    64
Dodge: Dodged            |    18 |    24 |    22 ||    64
Block: Kite shield       |    48 |    56 |    68 ||   172
       Reflection        |       |     4 |    10 ||    14

Levels and vault maps discovered:
D:1:      mrwooster_arrival_statue, layout_basic,
          hellmonk_ecumenical_altar_dog_temple
D:2:      layout_basic, basic_altar, minmay_misc_feat_more_columns
D:3:      layout_loops_ring, lemuel_crystal_altar,
          nicolae_overflow_crystal_walls, minmay_crystal_water
D:4:      layout_loops_cross, fedhas_altar_1, nicolae_elyvilon_peaceful_grove,
          gammafunk_ghost_split
D:5:      layout_rooms, zin_purify, serial_shops,
          nicolae_shop_bloodbath_and_beyond, lightli_sewer_entry_pipes,
          uniq_duvessa
D:6:      layout_loops_cross, grunt_ministairs_1, serial_park_tiny_2
D:7:      layout_cave_pools, okawaru_humans, old_standard_altar,
          minmay_temple_entry_statues_fountains, serial_shops,
          nicolae_diamond_shop, minmay_mini_ossuary, uniq_joseph

Notes
Turn   | Place    | Note
-------+----------+-------------------------------------------
     0 | D:1      | xzight the Troll Fighter began the quest for the Orb.
     0 | D:1      | Reached XP level 1. HP: 22/22 MP: 0/0
   147 | D:1      | Reached XP level 2. HP: 29/29 MP: 1/1
   210 | D:1      | Reached skill level 3 in Unarmed Combat
   349 | D:1      | Reached XP level 3. HP: 36/36 MP: 2/2
   811 | D:1      | Reached skill level 4 in Unarmed Combat
   816 | D:1      | Found a faded altar of an unknown god.
  1068 | D:2      | Found a blossoming altar of Fedhas.
  1187 | D:2      | Reached XP level 4. HP: 43/44 MP: 3/3
  1621 | D:2      | Reached skill level 5 in Unarmed Combat
  1839 | D:3      | Found a shimmering blue altar of Sif Muna.
  1957 | D:3      | Reached XP level 5. HP: 42/50 MP: 4/4
  2090 | D:3      | Found a shadowy altar of Dithmenos.
  2358 | D:4      | Reached skill level 6 in Unarmed Combat
  2366 | D:4      | Found a blossoming altar of Fedhas.
  2437 | D:4      | Found a white marble altar of Elyvilon.
  2481 | D:4      | Reached skill level 3 in Fighting
  2481 | D:4      | Reached XP level 6. HP: 50/61 MP: 5/5
  2493 | D:4      | Noticed sanboga's ghost (amateur GnAK)
  2635 | D:4      | Found a runed translucent gate.
  2635 | D:4      | Found a runed translucent gate.
  2635 | D:4      | Found a runed translucent gate.
  3014 | D:5      | Entered Level 5 of the Dungeon
  3022 | D:5      | Found Zin's Purification Station.
  3034 | D:5      | Found a glowing silver altar of Zin.
  3037 | D:5      | Bought a potion of curing for 90 gold pieces
  3040 | D:5      | Found Tiutz's Weapon Emporium.
  3047 | D:5      | Reached skill level 4 in Fighting
  3077 | D:5      | Noticed Dowan
  3077 | D:5      | Noticed Duvessa
  3077 | D:5      | Noticed a water moccasin
  3109 | D:5      | Killed Duvessa
  3110 | D:5      | Reached skill level 7 in Unarmed Combat
  3110 | D:5      | Reached XP level 7. HP: 54/70 MP: 6/6
  3114 | D:5      | Killed Dowan
  3219 | D:5      | Reached skill level 8 in Unarmed Combat
  3334 | D:5      | Reached XP level 8. HP: 78/78 MP: 7/7
  3385 | D:5      | Reached skill level 9 in Unarmed Combat
  3582 | D:5      | Found a glowing drain.
  4130 | D:6      | Reached skill level 10 in Unarmed Combat
  4327 | D:6      | Reached skill level 1 in Throwing
  4327 | D:6      | Reached skill level 3 in Shields
  4427 | D:7      | Noticed Joseph
  4453 | D:7      | Reached skill level 3 in Dodging
  4453 | D:7      | HP: 2/79 [Joseph/+2 quarterstaff of draining (18)]
  4453 | D:7      | Slain by Joseph

Vanquished Creatures
  Duvessa (D:5)
  A water moccasin (D:5)
  4 centaurs
  A kobold brigand (D:6)
  A bullfrog (D:4)
  A necrophage (D:5)
  2 scorpions
  Dowan (D:5)
  4 howler monkeys
  9 hounds
  2 orc priests
  3 orc wizards
  6 iguanas
  A gnoll (D:1)
  8 adders
  6 worms
  3 dart slugs
  11 orcs
  6 bats
  An endoplasm (D:2)
  A giant cockroach (D:3)
  8 goblins
  7 hobgoblins
  12 jackals (D:1)
  11 kobolds
  5 quokkas
  7 ball pythons
  5 frilled lizards
  7 rats
135 creatures vanquished.

Table legend: (Time is in decaauts)
 A = Elapsed time spent in this place.
 B = Non-inter-level travel time spent in this place.
 C = Inter-level travel time spent in this place.
 D = Time resting spent in this place.
 E = Time spent auto-exploring this place.
 F = Levels seen in this place.
 G = Mean time per level.
                   A        B        C        D        E       F      G
               +--------+--------+--------+--------+--------+-----+--------+
         Total |   4513 |   4252 |    261 |     39 |   3276 |   7 |  644.7 |
       Dungeon |   4513 |   4252 |    261 |     39 |   3276 |   7 |  644.7 |
               +--------+--------+--------+--------+--------+-----+--------+

Top non-repeatable levels by time:
     D:1: 1073 daAuts
     D:5: 836 daAuts
     D:4: 681 daAuts
     D:3: 678 daAuts
     D:6: 620 daAuts
     D:2: 594 daAuts
     D:7: 28 daAuts

Table legend:
 A = Non-vault XP
 B = Vault XP
 C = Vault XP percentage of total XP
 D = Non-vault monster count
 E = Vault monster count
 F = Vault count percentage of total count
                 A         B        C        D         E       F
            +---------+---------+-------+---------+---------+-------
      Total |    2225 |     347 |  13.5 |     122 |      13 |   9.6
            +---------+---------+-------+---------+---------+-------
        D:1 |      78 |       6 |   7.1 |      37 |       3 |   7.5
        D:2 |      90 |       0 |   0.0 |      13 |       0 |   0.0
        D:3 |     107 |       0 |   0.0 |      19 |       0 |   0.0
        D:4 |     264 |       0 |   0.0 |      13 |       0 |   0.0
        D:5 |     828 |     264 |  24.2 |      18 |       8 |  30.8
        D:6 |     538 |      77 |  12.5 |      17 |       2 |  10.5
        D:7 |     320 |       0 |   0.0 |       5 |       0 |   0.0
            +---------+---------+-------+---------+---------+-------
